 Dungeon Crawl Stone Soup version 0.19.0-19-g8c6edcc (webtiles) character file.

6748 KarmaPolice the Merchant of Misery (level 10, -5/79 HPs)
             Began as a Vampire Skald on Nov 13, 2016.
             Was a Believer of Kikubaaqudgha.
             Slain by Urug (20 damage)
             ... on level 11 of the Dungeon.
             The game lasted 00:32:02 (14333 turns).

KarmaPolice the Merchant of Misery (Vampire Skald) Turns: 14333, Time: 00:32:02

Health: -5/79      AC:  6    Str: 11    XL:     10   Next: 75%
Magic:  10/16      EV: 12    Int: 16    God:    Kikubaaqudgha [**....]
Gold:   552        SH:  0    Dex: 16    Spells: 7 memorised, 0 levels left

rFire  . . .     SeeInvis +     l - +2 dagger (drain)
rCold  + + .     Gourm    .     M - +1 robe {MR+}
rNeg   + + .     Faith    .     (no shield)
rPois  +         Spirit   .     (no helmet)
rElec  .         Reflect  .     m - +0 cloak
rCorr  .         Harm     .     x - +0 pair of gloves
MR     ++...                    B - +0 pair of boots
Stlth  ++........               E - amulet of magic regeneration
                                n - ring of protection from cold
                                (no ring)

@: very slightly contaminated, regenerating slowly, hasted, studying Fighting,
very quick
A: fangs 3, see invisible, unbreathing
a: Bat Form, Receive Corpses, Renounce Religion


You were on level 11 of the Dungeon.
You worshipped Kikubaaqudgha.
Kikubaaqudgha was pleased with you.
You were very thirsty.

You visited 2 branches of the dungeon, and saw 13 of its levels.

You collected 603 gold pieces.
You spent 51 gold pieces at shops.

Inventory:

Hand Weapons
 a - a +0 falchion
 l - a +2 dagger of draining (weapon)
 I - the +10 lajatang "Fyhyotte" {venom, Int+4}
   (You found it on level 10 of the Dungeon)

   It poisons the flesh of those it strikes.
   It affects your intelligence (+4).
Armour
 m - a +0 cloak (worn)
 r - a +0 cloak (quivered)
 x - a +0 pair of gloves (worn)
 B - a +0 pair of boots (worn)
 M - a +1 robe of magic resistance (worn)
Magical Staves
 G - an uncursed staff of power
Jewellery
 n - a ring of protection from cold (right hand)
 E - an amulet of magic regeneration (around neck)
Wands
 b - a wand of digging (13/24)
 y - a wand of iceblast (9/15)
 F - a wand of confusion (10/48)
 K - a wand of teleportation (4/9)
 Q - a wand of confusion (32/48)
Scrolls
 g - 3 scrolls of fog
 h - 2 scrolls of recharging
 i - a scroll of blinking
 k - 4 scrolls of identify
 p - 5 scrolls of remove curse
 q - 3 scrolls of noise {unknown}
 s - a scroll of magic mapping {unknown}
 u - 4 scrolls of fear {unknown}
 v - 2 scrolls of enchant weapon {unknown}
 A - 2 scrolls of amnesia {unknown}
 D - 2 scrolls of enchant armour {unknown}
 H - a scroll of silence {unknown}
Potions
 d - 12 potions of blood
 e - 2 potions of haste
 f - 2 potions of invisibility
 j - 3 potions of curing
 C - 2 potions of mutation {unknown}
 J - 3 potions of heal wounds {unknown}
 N - a potion of magic {unknown}
 O - a potion of ambrosia {unknown}
 P - a potion of degeneration {unknown}
Books
 c - a book of Battle

   Spells                             Type                      Level
   a - Infusion                       Charms                       1
   b - Shroud of Golubria             Charms/Translocation         2
   c - Song of Slaying                Charms                       2
   d - Spectral Weapon                Hexes/Charms                 3
   e - Regeneration                   Charms/Necromancy            3
 o - a book of Spatial Translocations

   Spells                             Type                      Level
   a - Blink                          Translocation                2
   b - Shroud of Golubria             Charms/Translocation         2
   c - Lesser Beckoning               Translocation                3
   d - Portal Projectile              Translocation                3
   e - Teleport Other                 Translocation                3
   f - Passage of Golubria            Translocation                4
 w - a manual of Fighting
 z - a book of Maledictions

   Spells                             Type                      Level
   a - Corona                         Hexes                        1
   b - Ensorcelled Hibernation        Hexes/Ice                    2
   c - Confuse                        Hexes                        3
   d - Tukima's Dance                 Hexes                        3
   e - Dazzling Spray                 Conjuration/Hexes            3
 L - Kikubaaqudgha's Collected Works on Stolen Souls
   (Kikubaaqudgha gifted it to you on level 9 of the Dungeon)

   Spells                             Type                      Level
   a - Pain                           Necromancy                   1
   b - Corpse Rot                     Necromancy                   2
   c - Sublimation of Blood           Necromancy                   2
   d - Regeneration                   Charms/Necromancy            3
   e - Control Undead                 Necromancy                   4
Miscellaneous
 t - a phial of floods


   Skills:
 - Level 7.0 Fighting
 - Level 7.8(8.1) Short Blades
 - Level 2.7(5.3) Long Blades
 + Level 0.5 Staves
 - Level 0.7 Armour
 - Level 1.1 Dodging
 - Level 4.0 Spellcasting
 + Level 6.3 Hexes
 - Level 8.3 Charms
 + Level 8.6 Necromancy
 + Level 3.0 Evocations


You couldn't memorise any spells.
You knew the following spells:

 Your Spells              Type           Power        Failure   Level  Hunger
a - Infusion              Chrm           ####         1%          1    None
b - Shroud of Golubria    Chrm/Tloc      ###.......   6%          2    ##.....
c - Song of Slaying       Chrm           ####....     1%          2    ##.....
d - Regeneration          Chrm/Necr      ####......   1%          3    ###....
e - Confuse               Hex            ###.....     4%          3    ###....
f - Tukima's Dance        Hex            ###.....     4%          3    ###....
g - Dazzling Spray        Conj/Hex       ##....       14%         3    ###....


Dungeon Overview and Level Annotations

Branches:
Dungeon (12/15)            Temple (1/1) D:5            Lair (0/6) D:9
    Orc (0/2) D:9

Altars:
Ashenzari
Cheibriados
Dithmenos
Elyvilon
Fedhas
Gozag
Kikubaaqudgha
Makhleb
Nemelex Xobeh
Okawaru
Qazlal
Sif Muna
Trog
Vehumet
Xom
Zin
The Shining One

Shops:
D:10 !

Portals:
Trove: D:11 (give +5 demon trident)

Annotations:
D:11 BorisBritva's ghost, journeyman DsGl; Urug
D:12 Gastronok


Innate Abilities, Weirdness & Mutations

You heal slowly.
You have razor-sharp teeth.
You have supernaturally acute eyesight. (SInv)
You can survive without breathing.


Message History

Wield which item (- for none, * to show all)? (? for menu, Esc to quit)
The +10 lajatang "Fyhyotte" {venom, Int+4} stops dripping with poison.
You sense an unholy aura.
l - a +2 dagger of draining (weapon)
Okay, then.
You feel better. Urug barely misses you.
You closely miss Urug. You bite Urug.
You draw Urug's blood!
You feel better.
You feel slightly less thirsty.
Urug is moderately wounded.
Your double sword of slicing hits Urug.
Urug hits you!
* * * LOW HITPOINT WARNING * * *
You hit Urug but do no damage. You drain Urug! Your bite misses Urug.
Urug is moderately wounded.
You miss Urug.
Urug is heavily wounded.
You hit Urug.
Urug is heavily wounded.
Urug hits you!!
You die...
Kikubaaqudgha rasps: "You have failed me!
Welcome... oblivion!"

...........#...#
...........#...#
#..........#...# ...#
#..........#...# ...#
#>.........#...# ....#
#..........#...###....#
#..........#..........#
+...(o..((.'..........#
#.....@....#..........#
#..........#..........#
#..........#....).....#
#....##....#...######.#
##### #....#...######.
.....#..........
......#..........
$......#..#####... .
........#..# ..


You could see Urug and a friendly double sword of slicing.

Vanquished Creatures
  Pikel (D:8)
  Maurice (D:9)
  A troll (D:9)
  Prince Ribbit (Temple)
  Sigmund (D:5)
  A wraith (D:10)
  Eustachio (D:4)
  3 yaks
  4 ice beasts
  A black bear (D:6)
  2 phantoms
  3 orc warriors
  4 sky beasts
  A slave (D:9)
  A necrophage (D:8)
  2 eyes of draining
  7 ogres
  5 centaurs
  A crocodile (D:9)
  A big kobold (D:10)
  5 bullfrogs
  3 scorpions
  5 killer bees (D:9)
  3 howler monkeys
  3 crimson imps
  2 quasits (D:7)
  A centaur zombie (D:6)
  2 bullfrog skeletons (D:11)
  4 orc priests
  2 hounds (D:10)
  7 orc wizards
  4 iguanas
  11 worker ants
  A hound zombie (D:5)
  A hound skeleton (D:9)
  A howler monkey zombie (D:7)
  A worker ant zombie (D:7)
  2 river rats (D:9)
  11 adders
  An adder zombie (D:5)
  An ooze (D:1)
  A worm (D:3)
  A dart slug (D:1)
  7 leopard geckos
  22 orcs
  4 ball pythons
  2 giant cockroaches
  2 goblins (D:2)
  8 hobgoblins
  7 jackals
  8 kobolds
  4 quokkas
  13 bats
  6 frilled lizards
  A jackal skeleton (D:4)
  A jackal zombie (D:8)
  A quokka skeleton (D:4)
  A quokka zombie (D:6)
  12 rats
214 creatures vanquished.

Vanquished Creatures (others)
  3 slaves (D:9)
  A howler monkey (D:9)
  A hound (D:9)
  A river rat (D:9)
  5 orcs (D:9)
  A bat (D:9)
  A quokka (D:9)
  4 rats (D:9)
  15 fungi (D:9)
  8 plants (D:9)
40 creatures vanquished.

Grand Total: 254 creatures vanquished

Notes
Turn   | Place    | Note
-------+----------+-------------------------------------------
     0 | D:1      | KarmaPolice the Vampire Skald began the quest for the Orb.
     0 | D:1      | Reached XP level 1. HP: 16/16 MP: 3/3
   105 | D:1      | Reached XP level 2. HP: 19/22 MP: 5/5
   882 | D:1      | Reached XP level 3. HP: 21/27 MP: 6/6
  1377 | D:2      | Learned a level 2 spell: Shroud of Golubria
  1380 | D:2      | Learned a level 2 spell: Song of Slaying
  2077 | D:2      | Reached XP level 4. HP: 34/34 MP: 6/8
  2319 | D:3      | Found a glowing golden altar of the Shining One.
  2374 | D:3      | Learned a level 3 spell: Regeneration
  2422 | D:3      | Found a deep blue altar of Sif Muna.
  2423 | D:3      | Found a blossoming altar of Fedhas.
  2425 | D:3      | Found a stormy altar of Qazlal.
  3403 | D:4      | Noticed an ogre
  3513 | D:4      | Killed an ogre
  3513 | D:4      | Reached skill level 1 in Short Blades
  3513 | D:4      | Reached skill level 1 in Necromancy
  3513 | D:4      | Reached XP level 5. HP: 40/40 MP: 3/9
  3635 | D:4      | Noticed an ogre
  3676 | D:4      | Killed an ogre
  3676 | D:4      | Reached skill level 5 in Charms
  3676 | D:4      | Reached XP level 6. HP: 43/47 MP: 0/10
  4211 | D:4      | Reached XP level 7. HP: 52/53 MP: 7/11
  4299 | D:4      | Found a sparkling altar of Nemelex Xobeh.
  4376 | D:5      | Entered Level 5 of the Dungeon
  4391 | D:5      | Found a glowing silver altar of Zin.
  4393 | D:5      | Noticed Sigmund
  4420 | D:5      | Killed Sigmund
  4676 | D:5      | Noticed Eustachio
  4926 | D:4      | Killed Eustachio
  4926 | D:4      | Reached XP level 8. HP: 61/61 MP: 2/12
  4957 | D:5      | Noticed Prince Ribbit
  5137 | D:5      | Found a staircase to the Ecumenical Temple.
  5152 | Temple   | Entered the Ecumenical Temple
  5161 | Temple   | Became a worshipper of Kikubaaqudgha
  5202 | Temple   | Killed Prince Ribbit
  5440 | D:5      | Reached skill level 5 in Fighting
  5596 | D:5      | Found a bloodstained altar of Trog.
  5693 | D:5      | Reached skill level 5 in Short Blades
  5812 | D:5      | Found a glowing golden altar of the Shining One.
  6055 | D:5      | Reached skill level 5 in Necromancy
  6966 | D:6      | Reached XP level 9. HP: 68/68 MP: 5/13
  7486 | D:7      | Found a shimmering altar of Xom.
  7489 | D:7      | Found a shimmering altar of Xom.
  7497 | D:7      | Found a shimmering altar of Xom.
  7572 | D:7      | You fall through a shaft for 2 floors!
  7572 | D:9      | Noticed Pikel
  7588 | D:9      | Found a white marble altar of Elyvilon.
  7601 | D:9      | Found a staircase to the Orcish Mines.
  7842 | D:7      | Found a radiant altar of Vehumet.
  9617 | D:8      | Learned a level 3 spell: Confuse
  9621 | D:8      | Learned a level 3 spell: Tukima's Dance
 10001 | D:9      | Reached skill level 1 in Hexes
 10022 | D:9      | Reached * piety under Kikubaaqudgha
 10022 | D:9      | Identified Kikubaaqudgha's Collected Works on Stolen Souls (Kikubaaqudgha gifted it to you on level 9 of the Dungeon)
 10022 | D:9      | Received a gift from Kikubaaqudgha
 10582 | D:9      | Noticed a troll
 10705 | D:9      | Noticed Maurice
 10728 | D:8      | Killed Pikel
 10728 | D:8      | Reached XP level 10. HP: 32/77 MP: 7/14
 11658 | D:9      | Killed Maurice
 12042 | D:9      | Found a snail-covered altar of Cheibriados.
 12050 | D:9      | Found an iron altar of Okawaru.
 12087 | D:9      | Reached ** piety under Kikubaaqudgha
 12573 | D:8      | Reached skill level 5 in Hexes
 12577 | D:8      | Reached skill level 1 in Evocations
 12683 | D:9      | Found a faded altar of an unknown god.
 12683 | D:9      | Found a faded altar of an unknown god.
 12699 | D:9      | Found a faded altar of an unknown god.
 12701 | D:9      | Found a shattered altar of Ashenzari.
 12703 | D:9      | Found a faded altar of an unknown god.
 13027 | D:9      | Found a staircase to the Lair.
 13236 | D:10     | Entered Level 10 of the Dungeon
 13316 | D:10     | Found Mojuda Fedeu's Distillery.
 13339 | D:10     | Bought a potion of lignification for 51 gold pieces
 13542 | D:10     | Got an ichor-stained lajatang
 13564 | D:10     | Identified the +10 lajatang "Fyhyotte" {venom, Int+4} (You found it on level 10 of the Dungeon)
 13590 | D:10     | Learned a level 3 spell: Dazzling Spray
 14067 | D:11     | Noticed BorisBritva's ghost (journeyman DsGl)
 14083 | D:11     | Found a portal to a secret trove of treasure.
 14168 | D:12     | Noticed Gastronok
 14299 | D:11     | Noticed Urug
 14333 | D:11     | Slain by Urug

Skill      XL: |  1  2  3  4  5  6  7  8  9 10 |
---------------+-------------------------------+-----
Fighting       | 2 3 4 5 6 7 |  7.0
Charms         | 4 5 6 7 8 |  8.3
Spellcasting   | 3 4 |  4.0
Short Blades   | 1 2 4 5 7 |  7.8
Necromancy     | 1 2 4 5 7 8 |  8.6
Hexes          | 3 6 |  6.3
Evocations     | 3 |  3.0
Long Blades    | |  2.7
Staves         | |  0.5
Armour         | |  0.7
Dodging        | |  1.1

Action                   |  1- 3 |  4- 6 |  7- 9 | 10-12 || total
-------------------------+-------+-------+-------+-------++-------
Melee: Falchion          |   101 |       |       |       ||   101
       Bite              |    10 |    16 |    51 |    31 ||   108
       Dagger            |    11 |   106 |   479 |   270 ||   866
       Lajatang          |       |       |       |    22 ||    22
 Cast: Infusion          |     4 |     6 |    31 |    22 ||    63
       Shroud of Golubri |     2 |     2 |    13 |     9 ||    26
       Regeneration      |       |       |     4 |     5 ||     9
       Confuse           |       |       |       |     3 ||     3
       Tukima's Dance    |       |       |       |     3 ||     3
 Abil: End Transformatio |       |       |     7 |     1 ||     8
       Bat Form          |       |       |     7 |     1 ||     8
Evoke: Wand              |       |       |       |     5 ||     5
  Use: Potion            |       |       |     7 |     4 ||    11
       Scroll            |       |       |     1 |     9 ||    10
 Stab: Sleeping          |     6 |     5 |     4 |     3 ||    18
       Distracted        |       |       |     1 |       ||     1
       Confused          |       |       |       |     3 ||     3
  Eat: Corpse            |     2 |     3 |     7 |     7 ||    19
Armor: Leather armour    |    39 |    18 |   106 |    26 ||   189
       Robe              |       |       |       |    37 ||    37
Dodge: Dodged            |    90 |    44 |   209 |   131 ||   474
       Rpst.: Falchion   |    22 |       |       |       ||    22
